 Dungeon Crawl Stone Soup version 0.27-a0-1228-gfd60fd639a (webtiles) character file.

Game seed: 2016088763824099425

852 thriggle the Magician (level 8, -4/56 HPs)
             Began as a Djinni Ice Elementalist on June 8, 2021.
             Was a Believer of Okawaru.
             Killed by miscasting Hailstorm (11 damage)
             ... on level 5 of the Dungeon.
             The game lasted 00:36:33 (8097 turns).

thriggle the Magician (Djinni Ice Elementalist)     Turns: 8097, Time: 00:36:34

Health: -4/56      AC: 21    Str:  9    XL:     8   Next: 21%
Gold:   167        EV: 13    Int: 18    God:    Okawaru [**....] SH:  0 Dex: 13

rFire    + + .     SeeInvis .   q - +1 dagger (protect)
rCold    x . .     Faith    .   (no shield)
rNeg     . . .     Spirit   .   c - +0 steam dragon scales
rPois    ∞         Reflect  .   i - +0 helmet
rElec    .         Harm     .   s - +1 cloak
rCorr    .         Rampage  .   (no gloves)
Will     .....                  (boots unavailable)
Stlth    ++........             (no amulet)
HPRegen  0.18/turn              (no ring)
MPRegen  0.00/turn              (no ring)

@: ice-armoured, under a protective aura, freezing walls, flying, very slightly
contaminated
A: sickness immunity, fire resistance 2, cold vulnerability 1, float, innate
caster, hp casting, extra vitality 1
a: Renounce Religion, Heroism


You were on level 5 of the Dungeon.
You worshipped Okawaru.
Okawaru was pleased with you.
You visited 1 branch of the dungeon, and saw 5 of its levels.
You also visited: Sewer.

You collected 167 gold pieces.

Inventory:

Hand Weapons
 e - a +0 short sword
 q - a +1 dagger of protection (weapon)
 t - a +4 quarterstaff of chaos
 y - a +1 dagger of speed
Missiles
 a - 5 javelins
 h - 5 atropa-tipped darts (quivered)
 x - 3 boomerangs
Armour
 c - +0 steam dragon scales (worn)
 d - a +2 robe of willpower
 i - a +0 helmet (worn)
 s - a +1 cloak (worn)
Wands
 r - a wand of flame (36)
Scrolls
 g - 2 scrolls of teleportation
 j - a scroll of identify
 k - a scroll of torment {unknown}
 m - a scroll of enchant weapon {unknown}
 u - a scroll of enchant armour {unknown}
 v - a scroll of fog {unknown}
 w - 3 scrolls of immolation
Potions
 b - 2 potions of brilliance {unknown}
 f - 2 potions of heal wounds {unknown}
 l - a potion of curing
 n - 3 potions of flight
 o - a potion of haste
 p - a potion of berserk rage {unknown}


   Skills:
 + Level 3.0 Fighting
 + Level 2.8 Short Blades
 + Level 2.2 Throwing
 - Level 1.1 Armour
 + Level 4.1 Dodging
 + Level 3.3 Stealth
 * Level 4.6 Spellcasting
 + Level 0.3 Invocations
 + Level 0.4 Evocations


You couldn't memorise any spells.
You knew the following spells:

 Your Spells              Type           Power      Damage    Failure   Level
a - Freeze                Ice            80%        1d9       1%          1
b - Frozen Ramparts       Ice            40%        1d6       6%          3
c - Ozocubu's Armour      Ice            20%        N/A       6%          3
d - Hailstorm             Conj/Ice       20%        3d6       21%         4
e - Metabolic Englaciati  Hex/Ice        10%        N/A       50%         5
f - Pain                  Necr           80%        1d8       1%          1
g - Passwall              Tmut/Erth      16%        N/A       3%          2
h - Static Discharge      Conj/Air       20%        N/A       3%          2
Your spell library was empty.

Dungeon Overview and Level Annotations

Branches:
Dungeon (5/15)              Sewer (visited)
 Temple: D:4-7

Altars:
Nemelex Xobeh
Okawaru

Shops:
D:1 *:(   D:2 [   D:4 *

Annotations:
D:4 Grinder


Innate Abilities, Weirdness & Mutations

You are immune to sickness and miasma.
You are immune to poison.
Your flesh is very heat resistant. (rF++)
You are vulnerable to cold. (rC-)
You float through the air rather than walking.
You learn spells naturally, not from books.
Your magical power is your life essence.
You have superior vitality. (+4 HP)


Message History

You hit the bullfrog zombie.
The bullfrog zombie is severely damaged.
The wall freezes the orc priest.
The bullfrog zombie resists.
The wall freezes the bullfrog zombie.
The bullfrog zombie hits you.
You hit the bullfrog zombie.
The bullfrog zombie is almost destroyed.
The frozen ramparts melt away.
The bullfrog zombie completely misses you.
The orc priest mumbles some strange prayers to Beogh against you.
Beogh smites you!
You hear a shout!
Casting: Static Discharge (safe; 3% risk of failure)
Confirm with . or Enter, or press ? or * to list all spells.
Casting: Frozen Ramparts (dangerous; 6% risk of failure)
Press: ? - help, Dir - look around, f - activate The walls around you are covered in ice.
The bullfrog zombie resists.
The wall freezes the bullfrog zombie.
The bullfrog zombie hits you but does no damage.
The wall freezes the orc priest.
The orc priest invokes the aid of Beogh against you.
Beogh smites you!
* * * LOW HITPOINT WARNING * * *
Casting: Frozen Ramparts (dangerous; 6% risk of failure)
Confirm with . or Enter, or press ? or * to list all spells.
The bullfrog zombie is struck by an arc of lightning.
You destroy the bullfrog zombie!
Okawaru accepts your kill.
The lightning grounds out.
* * * LOW HITPOINT WARNING * * *
The wall freezes the orc priest.
The orc priest misses you.
Unknown command.
Casting: Static Discharge (safe; 3% risk of failure)
Confirm with . or Enter, or press ? or * to list all spells.
The spell is quite dangerous to cast (21% risk of failure)!
Continue anyway?
Casting: Hailstorm (quite dangerous; 21% risk of failure)
Press: ? - help, Dir - look around, f - activate You miscast Hailstorm.
You are very lightly contaminated with residual magic.
You feel a strange surge of energy!
You die...

........#
#......#
##......#
......(.########
...............#
..#.#..######†##
#..##......#
#..##......#
#.@##..###.#
#.)....# .#
##o#...# .#
#.#...# .#
......# .#
#.....# ..#. .#
#.. .#


You could see an orc priest.

Vanquished Creatures
  Sigmund (D:2)
  A black bear (D:4)
  A scorpion (D:3)
  A bullfrog zombie (D:5)
  A hound (D:5)
  Crazy Yiuf (D:2)
  2 jellies (D:4)
  2 iguanas
  2 orc wizards (D:3)
  8 adders
  8 river rats
  An ufetubus (D:3)
  2 worms
  4 dart slugs
  13 orcs
  14 ball pythons
  8 bats
  10 endoplasms
  4 giant cockroaches
  4 goblins
  6 hobgoblins
  6 jackals
  6 quokkas
  9 frilled lizards
  8 kobolds
  15 rats
138 creatures vanquished.

Notes
Turn   | Place    | Note
-------+----------+-------------------------------------------
     0 | D:1      | thriggle the Djinni Ice Elementalist began the quest for
                  | the Orb.
     0 | D:1      | Reached XP level 1. HP: 15/15 MP: 0/0
    93 | D:1      | Found Ownexar's General Store.
   333 | D:1      | Reached XP level 2. HP: 20/22 MP: 0/0
   358 | D:1      | Found Fableeh's Antique Weapon Shoppe.
   882 | D:1      | Found Iddec's Book Shop.
   884 | D:1      | Reached XP level 3. HP: 18/26 MP: 0/0
   884 | D:1      | Learned a level 1 spell: Pain
  1511 | D:2      | Reached skill level 1 in Fighting
  1715 | D:2      | Found a runed translucent door.
  1716 | D:2      | Noticed Crazy Yiuf
  1780 | D:2      | Reached skill level 1 in Short Blades
  1894 | D:2      | Noticed Sigmund
  1917 | D:2      | Reached XP level 4. HP: 18/32 MP: 0/0
  2637 | D:2      | Found Ripnef's Antique Armour Boutique.
  2645 | D:2      | You are sucked into a shaft and drop 2 floors!
  2732 | D:3      | Found a glowing drain.
  2752 | D:3      | Reached skill level 1 in Throwing
  2752 | D:3      | Reached XP level 5. HP: 14/37 MP: 0/0
  2752 | D:3      | Learned a level 2 spell: Passwall
  2794 | Sewer    | Entered a sewer
  4305 | D:3      | Found a faded altar of an unknown god.
  4308 | D:3      | Became a worshipper of Warmaster Okawaru
  4308 | D:3      | Reached * piety under Okawaru
  4573 | D:2      | Reached XP level 6. HP: 42/43 MP: 0/0
  5378 | D:2      | Killed Sigmund
  5379 | D:2      | Reached skill level 1 in Armour
  5379 | D:2      | Reached XP level 7. HP: 18/49 MP: 0/0
  5379 | D:2      | Learned a level 2 spell: Static Discharge
  5601 | D:2      | Killed Crazy Yiuf
  6253 | D:3      | Found a sparkling altar of Nemelex Xobeh.
  6587 | D:4      | Found Yreissapp's General Store.
  7071 | D:4      | Noticed Grinder
  7075 | D:4      | Reached ** piety under Okawaru
  7076 | D:4      | Reached XP level 8. HP: 34/55 MP: 0/0
  7494 | D:3      | Noticed Grinder
  7494 | D:3      | Grinder changed into Grinder the ynoxinul
  8068 | D:5      | Entered Level 5 of the Dungeon
  8097 | D:5      | Killed by miscasting Hailstorm

Illustrated notes

Levels and vault maps discovered:
D:1:      elethiomel_arrival_infinity_welcomes_careful_drivers, layout_basic,
          serial_shops, shop, nicolae_shop_stone, shop
D:2:      minmay_razor_zed, layout_basic, serial_shops, nicolae_shop_trees,
          uniq_sigmund, uniq_crazy_yiuf_cottage
D:3:      layout_loops_cross, nemelex_diamond_rough_becter,
          chequers_ecumenical_altar_simple_redux, portal_sewer_entry_b,
          wad_floor_pattern_untrapped
D:4:      layout_basic, serial_shops, shop, st_stairs_1, uniq_grinder
D:5:      layout_basic, nicolae_vehumet_radiance, slow_altar_2,
          fedhas_altar_fruit_tree, minmay_temple_entry_sparse_star,
          lemuel_old_faithful

Skill      XL: |  1  2  3  4  5  6  7  8 |
---------------+-------------------------+-----
Fighting       | 1 2 3 |  3.0
Stealth        | 2 3 |  3.3
Short Blades   | 1 2 |  2.8
Dodging        | 3 4 |  4.1
Throwing       | 1 2 |  2.2
Armour         | 1 |  1.1
Spellcasting   | 4 |  4.6
Invocations    | |  0.3
Evocations     | |  0.4

Action                   |  1- 3 |  4- 6 |  7- 9 || total
-------------------------+-------+-------+-------++-------
Melee: Unarmed           |     1 |       |       ||     1
       Short sword       |    16 |   136 |       ||   152
       Dagger            |       |    12 |   101 ||   113
       Quarterstaff      |       |       |     2 ||     2
Throw: Dart              |       |     7 |     5 ||    12
       Javelin           |       |     5 |     3 ||     8
 Cast: Freeze            |    38 |    51 |    18 ||   107
       Passwall          |       |     8 |     3 ||    11
       Pain              |       |     4 |     1 ||     5
       Frozen Ramparts   |       |     5 |    17 ||    22
       Ozocubu's Armour  |       |     2 |     7 ||     9
       Static Discharge  |       |       |    13 ||    13
Invok: Heroism           |       |       |     1 ||     1
Evoke: Wand              |       |       |     1 ||     1
  Use: Scroll            |       |     1 |     6 ||     7
       Potion            |       |     4 |       ||     4
 Stab: Sleeping          |     2 |    15 |     4 ||    21
Armor: Robe              |     2 |    35 |    40 ||    77
       Steam dragon scal |       |       |    10 ||    10
Dodge: Dodged            |    27 |   104 |   105 ||   236

Table legend: (Time is in decaauts)
 A = Elapsed time spent in this place.
 B = Non-inter-level travel time spent in this place.
 C = Inter-level travel time spent in this place.
 D = Time resting spent in this place.
 E = Time spent auto-exploring this place.
 F = Levels seen in this place.
 G = Mean time per level.
                   A        B        C        D        E       F      G
               +--------+--------+--------+--------+--------+-----+--------+
         Total |   8096 |   7794 |    302 |   1440 |   4113 |   6 | 1349.3 |
       Dungeon |   6686 |   6384 |    302 |    927 |   3810 |   5 | 1337.2 |
         Sewer |   1409 |   1409 |      0 |    513 |    303 |   1 | 1409.0 |
               +--------+--------+--------+--------+--------+-----+--------+

Top non-repeatable levels by time:
     D:2: 2393 daAuts
     D:3: 1610 daAuts
     D:1: 1603 daAuts
   Sewer: 1409 daAuts
     D:4: 1051 daAuts
     D:5: 27 daAuts
